[Event "Early-Titled-Tuesday-Blitz-October-03-2023"]
[Site "Chess.com"]
[Date "2023.10.03"]
[Round "3"]
[White "slorovel"]
[Black "Fantastic_Power"]
[Result "0-1"]
[WhiteElo "2474"]
[BlackElo "2767"]
[TimeControl "180+1"]
[EndTime "8:27:43 PDT"]
[Termination "Fantastic_Power won by checkmate"]

1. e4 c5 2. Nf3 e6 3. c3 Nf6 4. e5 Nd5 5. Bc4 d6 6. exd6 Bxd6 7. d4 cxd4 8. Qxd4 O-O 9. O-O Nc6 10.
Qe4 Qc7 11. Bxd5 exd5 12. Qxd5 Be6 13. Qh5 h6 14. Nbd2 f5 15. Nb3 Bf7 16. Qh4 Ne7 17. Qa4 a6 18. Nbd4 Bd5 19. Re1 Rf6 20. Nb5 axb5 21.
Qxa8+ Kh7 22. Re3 f4 23. Rd3 Be4 24. Rd1 Bxf3 25. gxf3 Rg6+ 26. Kf1 Qc4+ 27. Ke1 Rg1+ 28. Kd2 Qd5+ 29. Kc2 Qxd1+ 30. Kb1 Qd3# 0-1

[Event "Early-Titled-Tuesday-Blitz-October-03-2023"]
[Site "Chess.com"]
[Date "2023.10.03"]
[Round "3"]
[White "ValentunHulka"]
[Black "MaxLeto"]
[Result "1-0"]
[WhiteElo "2784"]
[BlackElo "2496"]
[TimeControl "180+1"]
[EndTime "8:27:45 PDT"]
[Termination "ValentunHulka won on time"]

1. d4 h5 2. c4 h4 3. Nc3 d6 4.
h3 Nc6 5. Nf3 e5 6. dxe5 Nxe5 7.
Nxe5 dxe5 8. Qxd8+ Kxd8 9. e3 c6 10. Be2 Kc7 11. b3 Be6 12. Bb2 f6 13. O-O-O Ne7 14. Bg4 f5 15. Be2 g5 16. Nb5+ Kb6 17. Bxe5 Rg8 18. Nc7 Re8 19. Nxe8 Ng6 20. Nc7 Bc8 21. Na8+ Ka6 22. c5+ b5 23. cxb6+ Kb7 24.
Bd6 Kxa8 25. Bxf8 Rxf8 26. bxa7 Kxa7 27. Rd6 Ne5 28. f4 gxf4 29. exf4 Nd7 30. Rhd1 Nc5 31. Rxc6 Ne4 32. Bf3 Bb7 33. Rd7 Ka8 34. Rcc7 Ba6 35. Rc5 Bb7 36. Rxb7 Kxb7 37. Rxf5 Re8 38. Re5 1-0

[Event "Early-Titled-Tuesday-Blitz-October-03-2023"]
[Site "Chess.com"]
[Date "2023.10.03"]
[Round "3"]
[White "Sanyura"]
[Black "santosalberto1987"]
[Result "0-1"]
[WhiteElo "2655"]
[BlackElo "2486"]
[TimeControl "180+1"]
[EndTime "8:27:46 PDT"]
[Termination "santosalberto1987 won on time"]

1. Nf3 d5 2. g3 Nf6 3. d3 Bf5 4. Bg2 h6 5. O-O e6 6. Nbd2 Be7 7. b3 O-O 8. Bb2 c6 9. Ne5 Nbd7 10. e4 Bh7 11. Qe2 Nxe5 12. Bxe5 Nd7 13. Bb2 Bf6 14.
e5 Be7 15. f4 a5 16. a3 c5 17.
g4 Qb6 18. f5 c4+ 19. Kh1 cxd3 20. cxd3 Rac8 21. f6 gxf6 22. exf6 Bc5 23. g5 Bg6 24. Rf4 Be3 25. Rg4 Rc2 26. gxh6 Rxb2 27. Rxg6+ fxg6 28. Qg4 Rxf6 29. Rf1 Qd4 0-1

[Event "Early-Titled-Tuesday-Blitz-October-03-2023"]
[Site "Chess.com"]
[Date "2023.10.03"]
[Round "3"]
[White "RianKapriaga"]
[Black "MrVenky"]
[Result "0-1"]
[WhiteElo "2343"]
[BlackElo "2549"]
[TimeControl "180+1"]
[EndTime "8:27:47 PDT"]
[Termination "MrVenky won on time"]

1. d4 Nf6 2. Nf3 e6 3. e3 c5 4.
Bd3 b6 5. O-O Bb7 6. c4 g6 7.
Nc3 Bg7 8. d5 exd5 9. cxd5 Nxd5 10. Nxd5 Bxd5 11. Bxg6 hxg6 12. Qxd5 Nc6 13. Rd1 Qc7 14.
h3 f5 15. e4 O-O-O 16. e5 Nxe5 17. Bf4 Nxf3+ 18. Qxf3 Qc6 19. Qd3 Rhe8 20. Rab1 d5 21. Qa6+ Qb7 22. Qa4 Re4 23. Qc2 Rxf4 24. b4 Rc4 25.
Qe2 Re4 26. Qb5 c4 27. Rbc1 a6 28. Qa4 b5 29. Qc2 d4 0-1

[Event "Early-Titled-Tuesday-Blitz-October-03-2023"]
[Site "Chess.com"]
[Date "2023.10.03"]
[Round "3"]
[White "Dewarfd"]
[Black "Der_Balak_3Halak"]
[Result "1-0"]
[WhiteElo "2132"]
[BlackElo "2334"]
[TimeControl "180+1"]
[EndTime "8:27:49 PDT"]
[Termination "Dewarfd won by resignation"]

1. d4 g6 2. e3 Bg7 3. Nf3 d5 4. Be2 Nd7 5. O-O e5 6. b4 exd4 7. exd4 Ne7 8. Bb2 O-O 9. Nbd2 Nf5 10. c4 c6 11. a4 a6 12. Qb3 Nf6 13. b5 Ne4 14.
bxc6 bxc6 15. cxd5 cxd5 16. Nxe4 dxe4 17. Ne5 Nxd4 18.
Bxd4 Qxd4 19. Nc6 Qxa1 20. Rxa1 Bxa1 21. Bc4 Kg7 22. h4 Bd7 23. Qd1 Bxc6 24. Qxa1+ f6 25. Qd4 Rfe8 26. Qc5 Bxa4 27. h5 Rac8 28. Qa7+ Kh6 29.
Bxa6 Rc1+ 30. Kh2 Re5 31. Qe3+ Kg7 32. h6+ Kf7 33. Qxc1 g5 34. Qc7+ Re7 35. Qc4+ Kg6 36. Qxa4 Kxh6 37. Be2 Kg6 38. Qa5 Re5 39. Qd8 Kg7 40. Bg4 h6 41. Qc7+ Kg6 42. Qc8 Kg7 43. Bh5 e3 44. Qd7+ Kg8 45. Qf7+ Kh8 46. Bg6 1-0

[Event "Early-Titled-Tuesday-Blitz-October-03-2023"]
[Site "Chess.com"]
[Date "2023.10.03"]
[Round "3"]
[White "ODreamchess"]
[Black "JulbeNn"]
[Result "1-0"]
[WhiteElo "2759"]
[BlackElo "2491"]
[TimeControl "180+1"]
[EndTime "8:27:50 PDT"]
[Termination "ODreamchess won by resignation"]

1. c4 e5 2. Nc3 c6 3. e4 Nf6 4. Nf3 d6 5. Be2 Be7 6. O-O O-O 7. d3 h6 8. h3 Nbd7 9. Nh2 Nc5 10. f4 exf4 11. Bxf4 Ne6 12. Be3 d5 13. e5 Nh7 14.
cxd5 cxd5 15. d4 a6 16. Bd3 b5 17. Qc2 Nhg5 18. h4 Ne4 19. Nxe4 dxe4 20. Bxe4 Rb8 21.
d5 Bxh4 22. dxe6 Bxe6 23. Rad1 Qa5 24. b3 Rbc8 25. Qe2 Qb4 26. Rd4 Qe7 27. Nf3 Bg3 28.
Bb1 f5 29. Bf2 Bxf2+ 30. Qxf2 Bd7 31. Re1 Rc6 32. b4 Bc8 33. a3 a5 34. Ba2+ Kh8 35. Qh4 g5 36. Qf2 axb4 37. axb4 Ra6 38. Bb3 Ra3 39. Qb2 Ra6 40. e6 Kh7 41. Ne5 Rf6 42. Nd3 Bxe6 43. Nc5 Rd6 44. Rxd6 Qxd6 45. Qxf6 1-0

[Event "Early-Titled-Tuesday-Blitz-October-03-2023"]
[Site "Chess.com"]
[Date "2023.10.03"]
[Round "3"]
[White "louis198"]
[Black "IngOscarArdila"]
[Result "0-1"]
[WhiteElo "2616"]
[BlackElo "2328"]
[TimeControl "180+1"]
[EndTime "8:27:50 PDT"]
[Termination "IngOscarArdila won by checkmate"]

1. d4 Nf6 2. Bf4 e6 3. e3 Bd6 4. Bd3 Bxf4 5. exf4 O-O 6. Ne2 b6 7. O-O Bb7 8. c3 d6 9. Nd2 Nbd7 10. Re1 Re8 11. Ng3 Rc8 12. Nf3 c5 13. f5 e5 14.
dxe5 Nxe5 15. Nxe5 Rxe5 16. Rxe5 dxe5 17. Qe2 Qc7 18.
Re1 Re8 19. Bb5 Bc6 20. Bxc6 Qxc6 21. Qa6 Qc7 22. Rd1 h6 23. h3 e4 24. Nf1 Re7 25.
Ne3 Kh7 26. a4 Rd7 27. Rxd7 Qxd7 28. a5 Qc7 29. axb6 axb6 30. c4 h5 31. Qa8 Qe5 32. Qa3 Qd4 33. Qb3 Nd7 34. Qb5 Kh6 35. Qc6+ Kh7 36.
Nd5 Ne5 37. Qxb6 Nxc4 38. Qd8 e3 39. fxe3 Nxe3 40. Nf6+ gxf6 41. Qf8 Ng4+ 42. Kh1 Qd1# 0-1

[Event "Early-Titled-Tuesday-Blitz-October-03-2023"]
[Site "Chess.com"]
[Date "2023.10.03"]
[Round "3"]
[White "Kopytkin"]
[Black "Brave_spirit12"]
[Result "0-1"]
[WhiteElo "2402"]
[BlackElo "2763"]
[TimeControl "180+1"]
[EndTime "8:27:51 PDT"]
[Termination "Brave_spirit12 won on time"]

1. d4 Nf6 2. Bg5 c6 3. c3 d5 4. Nd2 e6 5. e3 Be7 6. Bd3 O-O 7. f4 c5 8. Ngf3 Nc6 9. O-O h6 10. Bxf6 Bxf6 11. Qe2 Bd7 12. Ne5 cxd4 13. exd4 Bxe5 14. fxe5 f5 15. exf6 Rxf6 16. Rxf6 Qxf6 17. Rf1 Qe7 18. Nf3 Rf8 19. Re1 Rf6 20. Qf2 Be8 21.
Qg3 Bh5 22. Ne5 Nxe5 23. Qxe5 Qf7 24. Rf1 Rxf1+ 25. Bxf1 b6 26. Bd3 Bg6 27. Bf1 Be4 28. h3 Qg6 29. Qb8+ Kh7 30. Qf4 Bb1 31. Qc1 Bxa2 32.
Qd1 Bc4 33. Bxc4 dxc4 34. Qe2 b5 35. Kh2 Qf5 36. Qf3 Qxf3 37. gxf3 Kg6 38. Kg3 Kf5 39.
h4 a5 0-1

[Event "Early-Titled-Tuesday-Blitz-October-03-2023"]
[Site "Chess.com"]
[Date "2023.10.03"]
[Round "3"]
[White "DanyKopy"]
[Black "HanSchut"]
[Result "1-0"]
[WhiteElo "2537"]
[BlackElo "2326"]
[TimeControl "180+1"]
[EndTime "8:27:51 PDT"]
[Termination "DanyKopy won by resignation"]

1. d4 Nf6 2. Nf3 g6 3. Nbd2 d5 4. b4 a5 5. b5 c5 6. dxc5 Ne4 7. Bb2 f6 8. Nxe4 dxe4 9. Qxd8+ Kxd8 10. Ng5 Ke8 11. Nxe4 Nd7 12. O-O-O a4 13. e3 a3 14.
Bc3 Ra4 15. Rd4 Rxd4 16. exd4 Bh6+ 17. Bd2 Bxd2+ 18. Kxd2 Kf7 19. Bc4+ Kg7 20. Be6 Rd8 21. c3 f5 22. Ng5 h6 23. Nf7 Nxc5 24. Nxd8 Nxe6 25.
Nxe6+ Bxe6 26. Kd3 Bxa2 27. Ra1 Bd5 28. Rxa3 Bxg2 29.
c4 Be4+ 30. Kc3 g5 31. d5 e6 32. d6 Kf7 33. Ra8 e5 34. d7 1-0

[Event "Early-Titled-Tuesday-Blitz-October-03-2023"]
[Site "Chess.com"]
[Date "2023.10.03"]
[Round "3"]
[White "crazy_m_attack"]
[Black "temiksmozg"]
[Result "0-1"]
[WhiteElo "2404"]
[BlackElo "2610"]
[TimeControl "180+1"]
[EndTime "8:27:54 PDT"]
[Termination "temiksmozg won on time"]

1. e4 c5 2. Nf3 e6 3. d4 cxd4 4.
Nxd4 Nf6 5. Nc3 Nc6 6. Ndb5 Bc5 7. Bf4 O-O 8. Bc7 Qe7 9. Bd6 Bxd6 10. Qxd6 Qd8 11.
Nc7 Rb8 12. Be2 b5 13. e5 b4 14. exf6 bxc3 15. fxg7 Kxg7 16. b3 Qg5 17. O-O Rb4 18.
a3 Rd4 19. Qg3 Qxg3 20. hxg3 Rd2 21. Bd3 Ne5 22. Nb5 Nxd3 23. cxd3 c2 24. Rac1 Ba6 25. Nd4 Bxd3 26. Nf3 Bxf1 27. Nxd2 Bd3 28. f3 Rc8 29. Kf2 Rc3 30. Ke3 Bg6+ 31. Ke2 d5 32. g4 Kf6 33.
Kf2 Ke5 34. Ke2 Kd4 35. f4 Bd3+ 36. Kf2 Be4 0-1

[Event "Early-Titled-Tuesday-Blitz-October-03-2023"]
[Site "Chess.com"]
[Date "2023.10.03"]
[Round "3"]
[White "DefiantChair"]
[Black "Larina_Maria"]
[Result "1-0"]
[WhiteElo "2523"]
[BlackElo "2221"]
[TimeControl "180+1"]
[EndTime "8:27:56 PDT"]
[Termination "DefiantChair won by checkmate"]

1. e4 c6 2. d4 d5 3. e5 Bf5 4. Nf3 e6 5. Be2 Ne7 6. O-O c5 7. dxc5 Nec6 8. c4 d4 9. Bd3 Bg4 10. Be4 Bxc5 11. a3 a5 12. Bf4 O-O 13. Qc2 h6 14. Nbd2 Na6 15. Ne1 Be2 16. Nd3 Bxf1 17. Rxf1 Be7 18. Bxc6 bxc6 19. Ne4 c5 20. Qe2 Kh7 21.
Qh5 Rb8 22. Rd1 Rb3 23. g3 Qb6 24. h4 Nc7 25. Bg5 f6 26. exf6 Bxf6 27. Nxf6+ Rxf6 28. Bxf6 gxf6 29. Qf7+ Kh8 30. Qxf6+ Kh7 31. Ne5 Ne8 32.
Qg6+ Kh8 33. Nf7# 1-0

[Event "Early-Titled-Tuesday-Blitz-October-03-2023"]
[Site "Chess.com"]
[Date "2023.10.03"]
[Round "3"]
[White "Boxerandchessplayer"]
[Black "Rital44"]
[Result "0-1"]
[WhiteElo "2161"]
[BlackElo "2518"]
[TimeControl "180+1"]
[EndTime "8:27:58 PDT"]
[Termination "Rital44 won by resignation"]

1. d4 f5 2. c4 Nf6 3. g3 g6 4. Bg2 Bg7 5. Nh3 O-O 6. O-O d6 7.
Nc3 c6 8. f3 e5 9. dxe5 dxe5 10. Qxd8 Rxd8 11. e4 Na6 12. Be3 h6 13. a3 Be6 14. b3 b6 15. Rac1 Rd3 16. Bf2 Rad8 17. f4 Ng4 18. exf5 gxf5 19. Bxc6 e4 20. Bd5 Kf7 21. Bxe6+ Kxe6 22. Nb5 e3 23. Be1 e2 24.
Rf2 Nxf2 25. Kxf2 Rxb3 26. Nxa7 Rd1 27. Rc2 Nc5 28. Rxe2+ Ne4+ 29. Kg2 Rxa3 30. Nb5 Raa1 31. Bc3 Bxc3 32. Nxc3 Rd2 33. Nf2 Rxe2 34. Nxe2 Ra2 35. Nd4+ Kf6 0-1

[Event "Early-Titled-Tuesday-Blitz-October-03-2023"]
[Site "Chess.com"]
[Date "2023.10.03"]
[Round "3"]
[White "erugee"]
[Black "Tsyhanchuk_Stanislav"]
[Result "1-0"]
[WhiteElo "2265"]
[BlackElo "2431"]
[TimeControl "180+1"]
[EndTime "8:28:02 PDT"]
[Termination "erugee won on time"]

1. e4 c5 2. Nf3 d6 3. d3 Nc6 4. Nbd2 g6 5. g3 Bg7 6. Bg2 Nf6 7.
h4 Bg4 8. O-O O-O 9. c3 Qd7 10.
Qc2 Rac8 11. Re1 Rfd8 12. Nf1 Bh3 13. Bh1 e5 14. Bg5 h6 15. Bxf6 Bxf6 16. Ne3 Ne7 17. Qb3 Be6 18. Nd5 Bg7 19. Nd2 Nxd5 20. exd5 Bh3 21. a4 h5 22. a5 f5 23. Nf3 f4 24.
Ng5 fxg3 25. fxg3 Qg4 26. Kh2 Rf8 27. Nxh3 c4 28. dxc4 Bh6 29. Qc2 Rxc4 30. Rf1 Rcc8 31.
Rxf8+ Rxf8 32. Bg2 Be3 33. Rf1 Rxf1 34. Bxf1 Kg7 35.
Bg2 a6 36. Qe4 Qe2 37. Ng5 Qe1 38. Kh3 Qc1 39. Ne6+ Kh6 40. Qf3 Bf4 41. gxf4 e4 42.
Qxe4 Qxb2 43. Qe3 1-0

[Event "Early-Titled-Tuesday-Blitz-October-03-2023"]
[Site "Chess.com"]
[Date "2023.10.03"]
[Round "3"]
[White "a-z30"]
[Black "Duhless"]
[Result "0-1"]
[WhiteElo "2507"]
[BlackElo "2965"]
[TimeControl "180+1"]
[EndTime "8:28:05 PDT"]
[Termination "Duhless won by resignation"]

1. d3 Nf6 2. Nf3 g6 3. g3 Bg7 4. Bg2 O-O 5. O-O d5 6. c4 dxc4 7. dxc4 Qxd1 8. Rxd1 c6 9. Nd4 Na6 10. Nc3 Nc5 11. b3 a5 12. Ba3 Nfd7 13. Rac1 Ra6 14.
Rd2 Re8 15. Rcd1 Bf8 16. Ne4 Nxe4 17. Bxe4 Nf6 18. Bg2 e5 19. Bxf8 Kxf8 20. Nc2 Be6 21. h3 h5 22. Ne3 Ke7 23. f3 Rea8 24. g4 h4 25. Kf2 Rb6 26. Rb1 Nd7 27. Rbb2 Nc5 28.
Nd1 a4 29. b4 a3 30. bxc5 axb2 31. Rxb2 Rxb2 32. Nxb2 Rxa2 33. Nd3 Bxc4 0-1

[Event "Early-Titled-Tuesday-Blitz-October-03-2023"]
[Site "Chess.com"]
[Date "2023.10.03"]
[Round "3"]
[White "NowInChess"]
[Black "elmusmolamas"]
[Result "0-1"]
[WhiteElo "2248"]
[BlackElo "2481"]
[TimeControl "180+1"]
[EndTime "8:28:05 PDT"]
[Termination "elmusmolamas won on time"]

1. e4 c6 2. d4 g6 3. Nc3 d5 4.
h3 Bg7 5. Nf3 dxe4 6. Nxe4 Nf6 7. Bd3 O-O 8. O-O Nbd7 9. c3 Nxe4 10. Bxe4 c5 11. dxc5 Nxc5 12. Bc2 Qc7 13. Be3 a6 14. Qd5 b6 15. Qxa8 Bb7 16. Qxf8+ Kxf8 17. Nd4 e5 18. Ne2 f5 19. f3 e4 20. f4 Nd3 21. Rab1 Bd5 22. a3 b5 23. Nd4 Kf7 24. g4 Qd8 25. g5 h6 26. h4 hxg5 27. hxg5 Qh8 28. Ne2 Qh3 29. Bd4 Qg4+ 30. Kh1 Qh5+ 31. Kg2 Qxe2+ 0-1

[Event "Early-Titled-Tuesday-Blitz-October-03-2023"]
[Site "Chess.com"]
[Date "2023.10.03"]
[Round "3"]
[White "LangesNasenhaar"]
[Black "cycygogne"]
[Result "1/2-1/2"]
[WhiteElo "2431"]
[BlackElo "2228"]
[TimeControl "180+1"]
[EndTime "8:28:05 PDT"]
[Termination "Game drawn by repetition"]

1. d4 Nf6 2. Nc3 c5 3. dxc5 e6 4.
e4 Bxc5 5. e5 Ng8 6. Ne4 Be7 7.
Nf3 Nc6 8. Bf4 f5 9. Nd6+ Bxd6 10. Qxd6 Qa5+ 11. c3 Nge7 12. Bc4 O-O 13. O-O Ng6 14.
b4 Qd8 15. Bg5 Qe8 16. Rfe1 h6 17. Bd2 a6 18. a4 Qe7 19. b5 axb5 20. axb5 Rxa1 21.
Rxa1 Ncxe5 22. Qxe7 Nxf3+ 23. gxf3 Nxe7 24. Bf4 d5 25. Bd3 Ng6 26. Bd6 Rd8 27. Bc7 Rd7 28. b6 Ne7 29.
Ra8 Kf7 30. Kf1 Kf6 31. f4 g5 32. Be5+ Kg6 33. Ke2 Rd8 34. Bc7 Rd7 35. Kf3 gxf4 36. Kxf4 Kf6 37. Be5+ Kf7 38. Bc7 Kf6 39. Be5+ Kf7 40.
Bc7 Kf6 1/2-1/2

[Event "Early-Titled-Tuesday-Blitz-October-03-2023"]
[Site "Chess.com"]
[Date "2023.10.03"]
[Round "3"]
[White "ChampStan"]
[Black "DoctorCheckyll"]
[Result "0-1"]
[WhiteElo "2111"]
[BlackElo "2380"]
[TimeControl "180+1"]
[EndTime "8:28:05 PDT"]
[Termination "DoctorCheckyll won on time"]

1. e4 c5 2. Nf3 d6 3. d4 cxd4 4. Nxd4 Nf6 5. Nc3 Nc6 6. Nb3 g6 7. Bb5 Bg7 8. O-O O-O 9. Re1 Be6 10. Be3 Qc7 11. Qd2 Rfd8 12. Bh6 Bh8 13. Nd5 Bxd5 14. exd5 Ne5 15. Bf4 Nc4 16. Bxc4 Qxc4 17. Rad1 Re8 18. c3 Nxd5 19. Qxd5 Qxf4 20. Qxb7 Bf6 21. Nd4 Rab8 22. Qxa7 Rxb2 23. Nc6 Bxc3 24. Nxe7+ Kf8 25. Nd5 Rxe1+ 26. Rxe1 Qd2 27. Qa8+ Kg7 28. Rf1 Bd4 29. Qe8 Bxf2+ 30. Kh1 Qxd5 31. Qa8 Qxa8 0-1

[Event "Early-Titled-Tuesday-Blitz-October-03-2023"]
[Site "Chess.com"]
[Date "2023.10.03"]
[Round "3"]
[White "MokshAD1603"]
[Black "vugarrasulov"]
[Result "0-1"]
[WhiteElo "2616"]
[BlackElo "2945"]
[TimeControl "180+1"]
[EndTime "8:28:06 PDT"]
[Termination "vugarrasulov won by resignation"]

1. e4 e5 2. Nf3 Nc6 3. Bb5 g6 4. d4 exd4 5. c3 a6 6. Bxc6 dxc6 7. cxd4 Bg4 8. Be3 Bg7 9. Nc3 Ne7 10. h3 Bxf3 11. Qxf3 O-O 12. Rd1 f5 13. O-O fxe4 14. Qxe4 Nd5 15. Nxd5 cxd5 16. Qg4 c6 17. Bf4 Qc8 18.
Qg3 Qf5 19. Be5 Bxe5 20. Qxe5 Qxe5 21. dxe5 Kf7 22. f4 Ke6 23. g3 c5 24. Kg2 d4 25.
Kf3 Kd5 26. Rfe1 Rae8 27. a4 b6 28. b3 Re6 29. h4 h5 30. Re2 Ra8 31. Ra1 Ree8 32.
Rd2 b5 33. axb5 axb5 34. Rda2 Rxa2 35. Rxa2 c4 36. bxc4+ Kxc4 37. Ke4 d3 38. Ra7 Rd8 39. Rc7+ Kb3 40. Rc1 d2 0-1

[Event "Early-Titled-Tuesday-Blitz-October-03-2023"]
[Site "Chess.com"]
[Date "2023.10.03"]
[Round "3"]
[White "noblerone"]
[Black "Zohid6"]
[Result "0-1"]
[WhiteElo "2501"]
[BlackElo "2793"]
[TimeControl "180+1"]
[EndTime "8:28:06 PDT"]
[Termination "Zohid6 won by checkmate"]

1. d4 e6 2. Nf3 b6 3. Bg5 f6 4. Bf4 Bb7 5. e3 f5 6. c4 Nf6 7. Nc3 Bb4 8. Qb3 a5 9. a3 a4 10. Qc2 Bxc3+ 11. Qxc3 O-O 12. Be2 d6 13. O-O Ne4 14.
Qc2 Nd7 15. Nd2 Qf6 16. h3 Qg6 17. f3 Ng5 18. Bxg5 Qxg5 19. Qc3 Rf6 20. Rf2 Rh6 21. f4 Qg6 22. Bf3 Bxf3 23. Rxf3 Nf6 24. c5 bxc5 25. dxc5 d5 26. Kh2 Rb8 27. Rb1 Ng4+ 28.
Kg1 Nf6 29. Kh2 Qe8 30. Rg3 Rg6 31. Rxg6 Qxg6 32. Qe5 Qf7 33. c6 Rb6 34. Qc3 Qe8 35.
Rc1 Qb8 36. Rc2 Ne8 37. Qd4 Nd6 38. Qxa4 h6 39. b4 Kh7 40. Qb3 Qa8 41. Qc3 Ra6 42.
Nf3 Nc4 43. b5 Rxa3 44. Qb4 Rxe3 45. Rf2 Qa7 46. Qe7 Re4 47. Rf1 Rxf4 48. Qf7 Qb8 49. h4 Nd6 50. Qd7 Qxb5 51. Qxe6 Qxf1 52. Ng5+ hxg5 53. hxg5 Rh4+ 54. Kg3 Qf4# 0-1

[Event "Early-Titled-Tuesday-Blitz-October-03-2023"]
[Site "Chess.com"]
[Date "2023.10.03"]
[Round "3"]
[White "Herman-NY"]
[Black "remi04"]
[Result "1-0"]
[WhiteElo "2520"]
[BlackElo "2852"]
[TimeControl "180+1"]
[EndTime "8:28:07 PDT"]
[Termination "Herman-NY won by resignation"]

1. e4 c5 2. Nf3 d6 3. d4 cxd4 4. Nxd4 Nf6 5. Nc3 a6 6. Bc4 e6 7. a3 Be7 8. Ba2 O-O 9. Be3 b5 10. g4 Bb7 11. f3 Nc6 12. g5 Nd7 13. h4 Nde5 14. Qe2 Rc8 15. O-O-O b4 16. axb4 Nxb4 17.
Bb3 Qa5 18. Kb1 Rb8 19. h5 d5 20.
g6 Bf6 21. f4 Nc4 22. e5 Be7 23. h6 fxg6 24. hxg7 Rf7 25. Rxh7 Kxh7 26. Qh2+ Kxg7 27. Nxe6+ Kg8 28. Rh1 Rg7 29. Nxg7 Nxe3 30. e6 Kxg7 31. Qh7+ 1-0

[Event "Early-Titled-Tuesday-Blitz-October-03-2023"]
[Site "Chess.com"]
[Date "2023.10.03"]
[Round "3"]
[White "stratacticos"]
[Black "Aariow"]
[Result "0-1"]
[WhiteElo "1758"]
[BlackElo "2509"]
[TimeControl "180+1"]
[EndTime "8:28:07 PDT"]
[Termination "Aariow won by resignation"]

1. b4 c6 2. c4 a5 3. b5 Nf6 4. a4 g6 5. Bb2 Bg7 6. g4 O-O 7. g5 Ne8 8. Nc3 d5 9. cxd5 cxd5 10.
d4 Nd6 11. e3 b6 12. Bd3 Bb7 13. Nge2 e5 14. dxe5 Bxe5 15. f4 Bg7 16. Qb3 Re8 17.
O-O-O Nd7 18. h4 Rxe3 19. Nxd5 Nc5 20. Qc2 Bxb2+ 21. Kxb2 Bxd5 22. Bxg6 Nc4+ 23. Ka1 hxg6 24. Nc3 Bxh1 25. Rxd8+ Rxd8 0-1

[Event "Early-Titled-Tuesday-Blitz-October-03-2023"]
[Site "Chess.com"]
[Date "2023.10.03"]
[Round "3"]
[White "betta2004"]
[Black "bascheyaro"]
[Result "0-1"]
[WhiteElo "2553"]
[BlackElo "2799"]
[TimeControl "180+1"]
[EndTime "8:28:08 PDT"]
[Termination "bascheyaro won by resignation"]

1. e4 e6 2. Nf3 d5 3. e5 c5 4. a3 Qb6 5. c3 c4 6. d4 cxd3 7.
Bxd3 Bd7 8. O-O Bb5 9. Nd4 Bxd3 10. Qxd3 Nc6 11. f4 g6 12. b4 Nge7 13. Nd2 Nf5 14. Nb3 a5 15. Be3 Nxe3 16. Qxe3 a4 17. Nd2 Be7 18.
N2f3 Bd8 19. Kh1 h5 20. Qd3 Nxd4 21. Nxd4 Rc8 22. Nb5 Be7 23. Rac1 O-O 24. h3 h4 25.
Nd4 Rc4 26. Qe3 Rfc8 27. Rf3 Qxd4 28. cxd4 Rxc1+ 29. Kh2 Ra1 30. g4 hxg3+ 31. Rxg3 Bh4 32. Rg1 Rc2+ 33. Kh1 Raa2 34. Rg3 Bxg3 35. Qxg3 Rc1+ 0-1

[Event "Early-Titled-Tuesday-Blitz-October-03-2023"]
[Site "Chess.com"]
[Date "2023.10.03"]
[Round "3"]
[White "AsselLesbekova"]
[Black "bazar-wokzal"]
[Result "0-1"]
[WhiteElo "2269"]
[BlackElo "2629"]
[TimeControl "180+1"]
[EndTime "8:28:08 PDT"]
[Termination "bazar-wokzal won by resignation"]

1. e4 Nc6 2. Nf3 d5 3. exd5 Qxd5 4. Nc3 Qa5 5. Bc4 Bg4 6. h3 Bh5 7. O-O O-O-O 8. a3 e5 9. Be2 Nf6 10. d3 e4 11. Ne1 Bg6 12. Be3 Bd6 13. d4 Qf5 14. b4 Be5 15. g4 Qe6 16. d5 Nxd5 17.
Nxd5 Rxd5 18. Bc4 Rhd8 19. Bxd5 Rxd5 20. Qc1 h5 21. c4 Rd8 22. Bf4 Bxa1 23. Qxa1 hxg4 24.
hxg4 Qxg4+ 25. Ng2 Nd4 0-1

[Event "Early-Titled-Tuesday-Blitz-October-03-2023"]
[Site "Chess.com"]
[Date "2023.10.03"]
[Round "3"]
[White "zozik"]
[Black "PattyCastillo"]
[Result "1-0"]
[WhiteElo "2315"]
[BlackElo "2034"]
[TimeControl "180+1"]
[EndTime "8:28:08 PDT"]
[Termination "zozik won on time"]

1. d4 d5 2. c4 c6 3. Nf3 Nf6 4. g3 e6 5. Bg2 Nbd7 6. O-O Be7 7.
Nc3 O-O 8. Nd2 b6 9. e4 Bb7 10.
e5 Ne8 11. b3 Rc8 12. Bb2 a6 13. Rc1 Nc7 14. Qh5 g6 15. Qe2 c5 16. cxd5 Nxd5 17. Nxd5 Bxd5 18. Bxd5 exd5 19. e6 Nf6 20. dxc5 bxc5 21.
Nf3 Ne4 22. exf7+ Rxf7 23. Ne5 Rf8 24. Qxa6 Qd6 25. Qxd6 Bxd6 26. Rcd1 d4 27. Nc4 Bc7 28. f3 Ng5 29. Kg2 Rf5 30. h4 Ne6 31. Rfe1 Kf7 32. Re4 g5 33. h5 1-0

[Event "Early-Titled-Tuesday-Blitz-October-03-2023"]
[Site "Chess.com"]
[Date "2023.10.03"]
[Round "3"]
[White "meoluoi91"]
[Black "dodoucb"]
[Result "1-0"]
[WhiteElo "2637"]
[BlackElo "2441"]
[TimeControl "180+1"]
[EndTime "8:28:09 PDT"]
[Termination "meoluoi91 won by resignation"]

1. e4 c6 2. d3 d5 3. Be2 Nf6 4. e5 Nfd7 5. f4 e6 6. Nf3 c5 7. O-O Nc6 8. c4 Be7 9. Nc3 Nb6 10. b3 O-O 11. Bb2 Nd4 12. Nxd4 cxd4 13. Nb1 Bc5 14. Nd2 dxc4 15. bxc4 Bd7 16. Ne4 Qc7 17. Bf3 Na4 18. Rb1 Rfd8 19. Kh1 Bc6 20.
Ba1 b6 21. Qe1 a5 22. Qg3 Bb4 23. Nf6+ Kh8 24. Nh5 Rg8 25. Qh4 Bc3 26. Bxc3 dxc3 27. Bxc6 Qxc6 28. Rf3 h6 29. Rh3 Qd7 30. Nxg7 1-0

[Event "Early-Titled-Tuesday-Blitz-October-03-2023"]
[Site "Chess.com"]
[Date "2023.10.03"]
[Round "3"]
[White "AbdulovOrkhan"]
[Black "JiiHart"]
[Result "1-0"]
[WhiteElo "2523"]
[BlackElo "2189"]
[TimeControl "180+1"]
[EndTime "8:28:10 PDT"]
[Termination "AbdulovOrkhan won by resignation"]

1. e4 e5 2. Nf3 Nf6 3. Nc3 Nc6 4. a3 a6 5. d4 d5 6. exd5 Nxd5 7. dxe5 Nxc3 8. Qxd8+ Nxd8 9. bxc3 Bc5 10. Bd3 O-O 11.
h3 Re8 12. O-O Nc6 13. Bf4 Be6 14. Ng5 h6 15. Nxe6 Rxe6 16. Rab1 Bb6 17. Bf5 Re7 18.
Be4 Na5 19. a4 Rd8 20. Rbd1 Rxd1 21. Rxd1 c6 22. Bg3 f6 23. e6 Rxe6 24. Bg6 Nc4 25. Rd7 Re1+ 26. Kh2 Ne5 27. Bxe5 Rxe5 28. Rxb7 Bc5 29.
f4 Re2 30. Rb8+ Bf8 31. Rc8 f5 32. Rxc6 Rxc2 33. Bxf5 Ra2 34. Be6+ Kh7 35. Bxa2 1-0

[Event "Early-Titled-Tuesday-Blitz-October-03-2023"]
[Site "Chess.com"]
[Date "2023.10.03"]
[Round "3"]
[White "CixPer1968"]
[Black "GiorgianBarbosa"]
[Result "0-1"]
[WhiteElo "2191"]
[BlackElo "2389"]
[TimeControl "180+1"]
[EndTime "8:28:11 PDT"]
[Termination "GiorgianBarbosa won on time"]

1. d4 Nf6 2. c4 e6 3. Nc3 d5 4. cxd5 exd5 5. Bg5 c6 6. Qc2 Be7 7. e3 Nbd7 8. Bd3 Nh5 9. Bxe7 Qxe7 10. Nf3 Nb6 11.
O-O g6 12. Rab1 Ng7 13. b4 Bf5 14. b5 O-O 15. bxc6 bxc6 16. Rfc1 Rac8 17. Bxf5 Nxf5 18. Na4 h5 19. Ne5 Nxa4 20. Qxa4 c5 21. Nd7 c4 22.
Nxf8 Rxf8 23. Qc6 Qe4 24. Re1 Rd8 25. Qc7 Re8 26. Rb8 Nxd4 27. Rxe8+ Qxe8 28. Qxa7 Nf5 29. Rb1 Kg7 30. Qb8 Qe4 31. Qb2+ Kh7 32. a4 h4 33. h3 c3 34. Qc1 d4 35. exd4 Nxd4 36. Kh1 Ne2 37. Rb8 Nxc1 0-1